 Seeded DCSS version 0.30-a0-956-gcec3b41aec (webtiles) character file.

Game seed: 20230327 (custom seed)

1052 GigaChad the Cleaver (level 8, 69/69 HPs)
             Began as a Minotaur Fighter on Mar 30, 2023.
             Quit the game on level 4 of the Dungeon.
             The game lasted 00:05:43 (3034 turns).

GigaChad the Cleaver (Minotaur Fighter)             Turns: 3034, Time: 00:05:44

Health: 69/69      AC: 28    Str: 22    XL:     8   Next: 5%
Magic:  7/7        EV:  8    Int:  5    God:
Gold:   153        SH:  5    Dex: 11    Spells: 7/7 levels left

rFire   . . .      SeeInvis .    a - +0 war axe
rCold   . . .      Faith    .    c - +0 buckler
rNeg    . . .      Spirit   .    v - +18 Lear's hauberk
rPois   .          Reflect  .    (helmet currently unavailable)
rElec   .          Rampage  .    (no cloak)
rCorr   .                        (gloves currently unavailable)
Will    .....                    (boots currently unavailable) Stlth
                                 (no amulet)
HPRegen 0.31/turn                (no ring)
MPRegen 0.10/turn                (no ring)

@: no status effects
A: horns 2, retaliatory headbutt
a: no special abilities


You were on level 4 of the Dungeon.
You visited 1 branch of the dungeon, and saw 4 of its levels.

You collected 153 gold pieces.

Inventory:

Hand Weapons
 a - a +0 war axe (weapon)
Armour
 b - a +0 scale mail
 c - a +0 buckler (worn)
 v - the +18 Lear's hauberk (worn)
   (You found it on level 4 of the Dungeon)
Jewellery
 j - a ring of fire
Scrolls
 f - 2 scrolls of identify {unknown}
 h - 3 scrolls of enchant armour {unknown}
 k - 2 scrolls of immolation {unknown}
 l - 2 scrolls of blinking {unknown}
 p - 3 scrolls of magic mapping {unknown}
 q - a scroll of fog {unknown}
 r - a scroll of torment {unknown}
 s - 3 scrolls of poison {unknown}
 w - a scroll of amnesia {unknown}
Potions
 d - a potion of might
 e - 3 potions of curing {unknown}
 g - a potion of invisibility {unknown}
 i - 2 potions of degeneration {unknown}
 m - a potion of flight {unknown}
 n - 3 potions of brilliance {unknown}
 o - 2 potions of lignification {unknown}
 t - 2 potions of heal wounds {unknown}
 u - a potion of berserk rage {unknown}
 x - a potion of ambrosia {unknown}


   Skills:
 + Level 5.4 Fighting
 + Level 8.4 Axes
 + Level 6.0 Armour
 + Level 1.7 Dodging
 + Level 0.4 Stealth
 + Level 5.3 Shields


You had 7 spell levels left.
You didn't know any spells.
Your spell library contained the following spells:

 Spells                   Type           Power      Damage    Failure   Level
 Sting                    Tmut/Pois      0%         1d3       99%         1
 Poisonous Vapours        Pois/Air       0%         N/A       100%        2
 Olgreb's Toxic Radiance  Pois           0%         N/A       100%        4
 Borgnjor's Revivificati  Necr           0%         N/A       100%        8
 Necromutation            Tmut/Necr      0%         N/A       100%        8
 Death's Door             Necr           0%         N/A       100%        9


Dungeon Overview and Level Annotations

Branches:
Dungeon (4/15)
 Temple: D:4-7

Altars:
Elyvilon
Qazlal

Shops:
D:1 *=:*=


Innate Abilities, Weirdness & Mutations

You have a pair of horns on your head.
You reflexively headbutt those who attack you in melee.


Message History

You closely miss Eustachio.
Eustachio is almost dead.
You slash the crimson imp!
You kill the crimson imp!
The crimson imp disappears in a puff of smoke!
Eustachio mumbles some strange words.
Unknown command.
You slash Eustachio!
You kill Eustachio!
The quokka disappears in a puff of smoke!
The iron imp disappears in a puff of smoke!
The rat disappears in a puff of smoke!
The shadow imp disappears in a puff of smoke!
The iron imp disappears in a puff of smoke!
Your Armour skill increases to level 6!
You have reached level 8!
You feel agile.
Unknown command.
No target in view!
HP restored.
You see here a +2 short sword of draining.
No target in view!
You see here a +2 short sword of draining.
There is a stone staircase leading down here.
There is a stone staircase leading down here.
There is an open door here.
Done exploring.
No target in view!
Done exploring.
No target in view!
No target in view!
Done exploring.
There is an open door here.
You see here a +0 quarterstaff.
There is an open door here.
There is a stone staircase leading up here.
Are you sure you want to abandon this character and quit the game? (Confirm with "yes".)
Okay, then.
Okay, then.
Are you sure you want to abandon this character and quit the game? (Confirm with "yes".)

....##.....##..######.#....#.####
...#####'#####.# ####.##...#.....
##.............# #....##.###.###.
###.####...#### #.#.....#.....#.
#.#.....##### #.#.#####.#..###
#.#.........# #.#.....#.......
#.#####.....# #.#####.#.....##
#...#.......###.# #.#.##....#.
###.#........@#.###.........#.
#.#...........#...##.#......
#.#.##....#####.####.##.###.
#...##....#####'####.##.# #.
######...............##.# #.
#............#####.# #.
#####........# #...# #.
#........# #.### #. ##
##########.......## #.# #.


There were no monsters in sight!

Vanquished Creatures
  Pikel (D:4)
  Eustachio (D:4)
  Duvessa (D:4)
  An ogre (D:4)
  A lemure (D:4)
  A scorpion (D:4)
  Dowan (D:4)
  An iguana (D:4)
  Natasha (D:4)
  A mummy (D:4)
  3 adders
  A worm (D:2)
  2 dart slugs
  An orc (D:4)
  4 ball pythons
  5 bats
  4 endoplasms
  5 giant cockroaches
  9 goblins
  5 hobgoblins
  2 jackals (D:2)
  A quokka (D:1)
  3 frilled lizards
  6 kobolds
  3 rats
64 creatures vanquished.

Notes
Turn   | Place    | Note
-------+----------+-------------------------------------------
     0 | D:1      | GigaChad the Minotaur Fighter began the quest for the Orb.
     0 | D:1      | Reached XP level 1. HP: 19/19 MP: 0/0
     4 | D:1      | Found Xoclunid's Book Emporium.
    30 | D:1      | Found Aqium's General Store.
   130 | D:1      | Found Wostryiz's General Store.
   190 | D:1      | Reached XP level 2. HP: 27/27 MP: 1/1
   238 | D:1      | Found a faded altar of an unknown god.
   312 | D:1      | Found Muif's Jewellery Shop.
   570 | D:1      | Found Uvvotic's Jewellery Boutique.
   589 | D:1      | Reached XP level 3. HP: 33/33 MP: 2/2
   615 | D:1      | Reached skill level 3 in Axes
  1021 | D:2      | Found a white marble altar of Elyvilon.
  1271 | D:2      | You fall into a shaft and drop 1 floor!
  1466 | D:3      | Reached XP level 4. HP: 41/41 MP: 3/3
  1962 | D:4      | Found the +18 Lear's hauberk
  1987 | D:4      | Found a sand-covered staircase.
  2063 | D:4      | Noticed Duvessa
  2063 | D:4      | Noticed Dowan
  2074 | D:4      | Killed Duvessa
  2075 | D:4      | Reached skill level 4 in Axes
  2075 | D:4      | Reached XP level 5. HP: 31/47 MP: 4/4
  2075 | D:4      | Killed Dowan
  2076 | D:4      | Reached skill level 5 in Armour
  2373 | D:4      | Noticed Natasha
  2389 | D:4      | Killed Natasha
  2390 | D:4      | Reached XP level 6. HP: 48/53 MP: 5/5
  2429 | D:4      | Reached skill level 5 in Axes
  2446 | D:4      | Noticed Pikel
  2462 | D:4      | HP: 1/53 [Pikel/+0 whip of electrocution (13)]
  2463 | D:4      | Killed Pikel
  2464 | D:4      | Reached skill level 5 in Fighting
  2464 | D:4      | Reached skill level 7 in Axes
  2464 | D:4      | Reached skill level 1 in Dodging
  2464 | D:4      | Reached skill level 5 in Shields
  2464 | D:4      | Reached XP level 7. HP: 2/61 MP: 6/6
  2765 | D:4      | Noticed a fire elemental
  2767 | D:4      | Found a stormy altar of Qazlal.
  2769 | D:4      | Noticed an air elemental
  2769 | D:4      | Noticed a water elemental
  2849 | D:4      | Reached skill level 8 in Axes
  2895 | D:4      | Noticed Eustachio
  2914 | D:4      | Killed Eustachio
  2915 | D:4      | Reached XP level 8. HP: 65/69 MP: 7/7
  3034 | D:4      | Quit the game

Illustrated notes

Levels and vault maps discovered:
D:1:      doesnt_arrival_eight_statues, layout_basic, serial_shops,
          nicolae_shop_advertising_works [nicolae_subvault_shop_adworks], shop,
          nicolae_lakefront_shop, shop, shop,
          shapermc_ecumenical_altar_notcrosses
D:2:      minmay_spotlight, layout_basic, basic_altar
D:3:      layout_loops_cross, st_stairs_7
D:4:      layout_basic, nicolae_qazlal_style_of_elements,
          gup_ossuary_entry_pyramid, uniq_eustachio, uniq_natasha, uniq_pikel,
          uniq_duvessa

Skill      XL: |  1  2  3  4  5  6  7 |
---------------+----------------------+-----
Shields        | 4 5 |  5.3
Fighting       | 4 5 |  5.4
Axes           | 3 4 7 8 |  8.4
Armour         | 4 5 6 |  6.0
Dodging        | 1 |  1.7
Stealth        | |  0.4

Action                     |  1- 3 |  4- 6 |  7- 9 || total
---------------------------+-------+-------+-------++-------
  Melee: War axe           |    82 |    88 |    25 ||   195
         Headbutt          |     6 |     8 |     6 ||    20
 Armour: Scale mail        |    43 |     2 |       ||    45
         Chain mail        |       |    62 |    15 ||    77
  Dodge: Dodged            |    48 |    29 |     8 ||    85
  Block: Buckler           |    25 |    19 |     5 ||    49

Table legend: (Time is in decaauts)
 A = Elapsed time spent in this place.
 B = Non-inter-level travel time spent in this place.
 C = Inter-level travel time spent in this place.
 D = Time resting spent in this place.
 E = Time spent auto-exploring this place.
 F = Levels seen in this place.
 G = Mean time per level.
                   A        B        C        D        E       F      G
               +--------+--------+--------+--------+--------+-----+--------+
         Total |   3108 |   2992 |    116 |    296 |   2169 |   4 |  777.0 |
       Dungeon |   3108 |   2992 |    116 |    296 |   2169 |   4 |  777.0 |
               +--------+--------+--------+--------+--------+-----+--------+

Top non-repeatable levels by time:
     D:4: 1107 daAuts
     D:1: 902 daAuts
     D:3: 697 daAuts
     D:2: 400 daAuts
